 Dungeon Crawl Stone Soup version 0.21-a0-618-g6cbd37f (webtiles) character file.

397 4thArraOfDagon the Skirmisher (level 6, -4/57 HPs)
             Began as a Demigod Hunter on Dec 23, 2017.
             Slain by a gnoll
             ... wielding a +0 halberd
              (8 damage)
             ... on level 4 of the Dungeon.
             The game lasted 00:09:02 (1927 turns).

4thArraOfDagon the Skirmisher (Demigod Hunter)      Turns: 1927, Time: 00:09:03

Health: -4/57      AC:  8    Str: 15    XL:     6   Next: 27%
Magic:  8/8        EV: 11    Int: 19    God:
Gold:   172        SH:  0    Dex: 16    Spells: 5/5 levels left

rFire    . . .     SeeInvis .   h - +2 dagger (elec)
rCold    . . .     Gourm    .   (no shield)
rNeg     . . .     Faith    .   k - +0 ring mail
rPois    .         Spirit   .   (no helmet)
rElec    .         Reflect  .   t - +0 cloak {MR+}
rCorr    .         Harm     .   j - +0 pair of gloves
MR       +....                  x - +0 pair of boots
Stlth    ..........             (no amulet)
HPRegen  0.19/turn              m - ring of loudness
MPRegen  0.11/turn              (no ring)

@: no status effects
A: high mp 1
a: no special abilities


You were on level 4 of the Dungeon.
You were hungry.

You visited 1 branch of the dungeon, and saw 4 of its levels.

You collected 172 gold pieces.

Inventory:

Hand Weapons
 a - a +1 hand crossbow
 b - a +0 short sword
 h - a +2 dagger of electrocution (weapon)
 s - a +2 quarterstaff of chaos
Missiles
 d - 39 bolts
 w - 7 javelins of returning (quivered)
Armour
 c - a +0 leather armour
 g - a +0 ring mail
 j - a +0 pair of gloves (worn)
 k - a +0 ring mail (worn)
 t - a +0 cloak of magic resistance (worn)
 x - a +0 pair of boots (worn)
Jewellery
 m - a ring of loudness (left hand)
Wands
 r - a wand of polymorph (14)
Scrolls
 e - 2 scrolls of remove curse
 l - a scroll of identify
 q - a scroll of enchant armour
 v - a scroll of enchant weapon
Potions
 o - a potion of cancellation
Comestibles
 f - 8 rations


   Skills:
 - Level 6.0 Fighting
 - Level 4.2 Crossbows
 - Level 1.7 Dodging
 - Level 0.8 Stealth
 * Level 0.6 Unarmed Combat


You had 5 spell levels left.
You didn't know any spells.

Dungeon Overview and Level Annotations

Branches:
Dungeon (4/15)
 Temple: D:4-7

Annotations:
D:4 Eustachio


Innate Abilities, Weirdness & Mutations

You have an increased reservoir of magic. (+10% MP)


Message History

The gnoll hits you with a club. The gnoll hits you with a club!
You hit the gnoll.
The gnoll is heavily wounded.
The gnoll completely misses you. The gnoll closely misses you.
The gnoll barely misses you.
You hit the gnoll but do no damage.
The gnoll is heavily wounded.
The gnoll hits you but does no damage.
The gnoll hits you from afar with a halberd!
* * * LOW HITPOINT WARNING * * *
The gnoll hits you but does no damage.
The gnoll hits you from afar with a spear.
* * * LOW HITPOINT WARNING * * *
Okay, then.
Okay, then.
As you read the scroll labeled MAPPENWIDE, it crumbles to dust.
The dust glows bright cobalt blue!
It was a scroll of random uselessness.
The gnoll closely misses you.
The gnoll hits you from afar with a halberd!
You die...

#.######r###.#####
#.......<# #.# ##########
#.# # ###.####... #.
..#...).... #.#
#.#..###.#. #.# #.#..# .#.
#.# #####g#..##.... #.#
#.g@g........#
#.###g###....###.#
#.....###g.(..#
#............###...
########.#########........
#............# #.#######
#.##.###.###.# #.#
#.##.###.# #)# ##'##
###.##.....# #)# ##...## #


You could see 4 gnolls.

Vanquished Creatures
  An ogre (D:4)
  2 orc wizards
  Crazy Yiuf (D:3)
  3 worker ants (D:4)
  A howler monkey skeleton (D:4)
  4 adders
  2 oozes (D:1)
  A worm (D:3)
  3 dart slugs
  5 leopard geckos
  10 orcs
  2 giant cockroaches (D:3)
  7 goblins
  6 hobgoblins
  3 jackals (D:2)
  2 ball pythons (D:1)
  12 bats
  4 frilled lizards
  8 kobolds
  8 rats
85 creatures vanquished.

Notes
Turn   | Place    | Note
-------+----------+-------------------------------------------
     0 | D:1      | 4thArraOfDagon the Demigod Hunter began the quest for the Orb.
     0 | D:1      | Reached XP level 1. HP: 17/17 MP: 3/3
   125 | D:2      | Reached XP level 2. HP: 24/24 MP: 4/4
   177 | D:2      | You fall through a shaft!
   256 | D:3      | Reached skill level 2 in Fighting
   396 | D:2      | Reached XP level 3. HP: 13/30 MP: 5/5
   489 | D:2      | Reached skill level 3 in Fighting
   796 | D:1      | Reached XP level 4. HP: 36/38 MP: 6/6
  1061 | D:3      | Reached skill level 4 in Fighting
  1191 | D:3      | Found a runed door.
  1197 | D:3      | Noticed Crazy Yiuf
  1202 | D:3      | Killed Crazy Yiuf
  1202 | D:3      | Reached XP level 5. HP: 47/47 MP: 7/7
  1314 | D:4      | Noticed an ogre
  1322 | D:4      | Reached skill level 5 in Fighting
  1326 | D:4      | Killed an ogre
  1375 | D:4      | Reached XP level 6. HP: 22/57 MP: 8/8
  1672 | D:4      | Found a hazy altar of Hepliaklqana.
  1689 | D:4      | Noticed Eustachio
  1694 | D:4      | Reached skill level 6 in Fighting
  1927 | D:4      | Slain by a gnoll

Vault maps used:
D:1:      mushboom_english_gardens, st_stairs_7, minmay_misc_feat_room
D:3:      first_ration, uniq_crazy_yiuf_cottage
D:4:      nicolae_overflow_crystal_walls, makhleb_grotto_becter,
          nicolae_underground_beach, uniq_eustachio

Skill      XL: |  1  2  3  4  5  6 |
---------------+-------------------+-----
Crossbows      | 4 |  4.2
Fighting       | 2 3 4 5 6 |  6.0
Dodging        | |  1.7
Stealth        | |  0.8
Unarmed Combat | |  0.6

Action                   |  1- 3 |  4- 6 || total
-------------------------+-------+-------++-------
Melee: Dagger            |    97 |   132 ||   229
 Fire: Hand crossbow     |    13 |     2 ||    15
  Use: Potion            |     1 |     1 ||     2
       Scroll            |       |     8 ||     8
  Eat: Chunk             |       |     3 ||     3
Armor: Ring mail         |    42 |    44 ||    86
Dodge: Dodged            |    52 |    82 ||   134

Table legend:
 A = Spawn XP
 B = Non-spawn XP
 C = Spawn XP percentage of total XP
 D = Spawn monster count
 E = Non-spawn monster count
 F = Spawn count percentage of total count
 G = Total turns spent on level
                    A         B        C        D         E        F      G
               +---------+---------+-------+---------+---------+-------+---------
         Total |       0 |     568 |   0.0 |       0 |      85 |   0.0 |  1927
               +---------+---------+-------+---------+---------+-------+---------
           D:1 |       0 |      54 |   0.0 |       0 |      25 |   0.0 |   440
           D:2 |       0 |      46 |   0.0 |       0 |      19 |   0.0 |   343
           D:3 |       0 |     163 |   0.0 |       0 |      28 |   0.0 |   658
           D:4 |       0 |     305 |   0.0 |       0 |      13 |   0.0 |   486
               +---------+---------+-------+---------+---------+-------+---------
